[Event "Titled Tuesday Blitz August 1 Early 2023"]
[White "Cherniaiev, Tykhon"]
[Black "Megaranto, Susanto"]
[WhiteFideId "14182360"]
[BlackFideId "7101384"]
[WhiteElo "2767"]
[BlackElo "2974"]
[Result "0-1"]
[Round "4"]
[TimeControl "180+1"]
[Date "2023.08.01"]
[WhiteClock "0:00:14"]
[BlackClock "0:00:49"]
[Board "13"]

1. Nf3 Nf6 2. d4 e6 3. c4 Bb4+ 4. Bd2 a5 5. g3 b6 6. Bg2 Bb7 7. O-O O-O 8. a3 Bxd2 9. Nbxd2 d6 10. Qc2 Nbd7 11. Rad1 Qe7 12. e4 e5 13. d5 a4 14. Nh4 g6 15. Nb1 Nc5 16. Nc3 Nh5 17. Rfe1 Bc8 18. Qd2 Nb3 19. Qh6 Nd4 20. Nf3 Nb3 21. Nh4 f6 22. Nf5 Qf7 23. Nh4 Bd7 24. Bf3 Ng7 25. Bg2 g5 26. Nf3 Qg6 27. Qxg6 hxg6 28. Nd2 Nc5 29. Rf1 g4 30. f3 gxf3 31. Nxf3 Rab8 32. Rf2 b5 33. cxb5 Bxb5 34. Nxb5 Rxb5 35. Nh4 g5 36. Ng6 Rf7 37. Rdf1 Ne8 38. Bh3 Nxe4 39. Re2 Nc5 40. Bf5 Ng7 41. h4 Nxf5 42. Rxf5 Kg7 43. h5 Nb3 44. Ref2 Nd4 45. h6+ Kxg6 46. h7 Kxh7 47. Rxf6 Rxf6 48. Rxf6 Kg7 49. Rf2 Rxd5 50. Kg2 Rc5 51. Kh3 Rc2 52. Rf1 Rxb2 53. Kg4 Kg6 54. Rh1 Rb3 55. Rh2 Nf5 56. Rh3 Rxg3+ 57. Rxg3 Nxg3 58. Kxg3 Kf5 59. Kf3 d5 60. Kg3 c5 61. Kf3 c4 62. Ke3 d4+ 63. Ke2 e4 64. Kd2 Kf4 65. Ke2 g4 66. Kf2 c3 67. Kg2 d3 68. Kf2 e3+ 69. Kf1 g3 70. Ke1 Kf3 71. Kf1 c2 72. Ke1 c1=Q# 0-1


[Site "https://www.chess.com"]

[Event "Titled Tuesday Blitz August 1 Early 2023"]
[White "Bok, Benjamin"]
[Black "Matinian, Nikita"]
[WhiteFideId "1017063"]
[BlackFideId "24129100"]
[WhiteElo "2959"]
[BlackElo "2747"]
[Result "1-0"]
[Round "4"]
[TimeControl "180+1"]
[Date "2023.08.01"]
[WhiteClock "0:00:23"]
[BlackClock "0:00:06"]
[Board "14"]

1. d4 Nf6 2. c4 g6 3. g3 Bg7 4. Bg2 O-O 5. Nc3 d6 6. Nf3 c6 7. e4 Bg4 8. O-O Nfd7 9. Be3 Na6 10. h3 Bxf3 11. Bxf3 e5 12. d5 c5 13. h4 f5 14. Kg2 Nc7 15. h5 Ne8 16. hxg6 hxg6 17. Rh1 Ndf6 18. Qe2 Qd7 19. Rh2 fxe4 20. Nxe4 Nxe4 21. Bxe4 Nf6 22. Bxg6 Qg4 23. Bh7+ Kf7 24. f3 Qd7 25. Bd3 a6 26. Qc2 Ke7 27. Bf5 Qe8 28. b4 cxb4 29. Rb1 a5 30. a3 Kd8 31. axb4 a4 32. Bb6+ Ke7 33. Be6 e4 34. Re1 a3 35. c5 Qb5 36. cxd6+ Ke8 37. d7+ Nxd7 38. Bxd7+ Kxd7 39. Qc7+ Ke8 40. Rxe4+ 1-0


[Site "https://www.chess.com"]

[Event "Titled Tuesday Blitz August 1 Early 2023"]
[White "Terry, Renato"]
[Black "Weetik, Vjacheslav"]
[WhiteFideId "3803457"]
[BlackFideId "4153472"]
[WhiteElo "2951"]
[BlackElo "2744"]
[Result "1-0"]
[Round "4"]
[TimeControl "180+1"]
[Date "2023.08.01"]
[WhiteClock "0:00:04"]
[BlackClock "0:00:00"]
[Board "15"]

1. d4 Nf6 2. Nf3 g6 3. Bg5 Bg7 4. c3 O-O 5. Nbd2 d5 6. e3 Nbd7 7. Be2 c5 8. O-O Re8 9. h3 e5 10. Re1 e4 11. Nh2 cxd4 12. cxd4 h6 13. Bf4 Nf8 14. Rc1 Ne6 15. Bg3 Qb6 16. Qb3 Bd7 17. Qxb6 axb6 18. a3 Rec8 19. Nb1 Bc6 20. Be5 Ne8 21. Bxg7 Kxg7 22. Nc3 Nd6 23. Nf1 f5 24. g3 g5 25. f4 Kf6 26. Kf2 Rg8 27. Nd2 Rg7 28. Rh1 Rag8 29. Rcg1 b5 30. h4 gxf4 31. gxf4 Rxg1 32. Rxg1 Rxg1 33. Kxg1 Nc4 34. Nxc4 bxc4 35. Kf2 Ke7 36. Ke1 Kd6 37. Kd2 Nf8 38. Bh5 Ke7 39. Kc2 Nh7 40. Kd2 Nf6 41. Bd1 Kd6 42. Ne2 Be8 43. Ng3 Bg6 44. Kc3 Kc6 45. Kb4 Kb6 46. a4 Ng4 47. a5+ Kc6 48. Nf1 Nf2 49. Ba4+ Kd6 50. Kc3 Bh5 51. Kd2 Bg4 52. Ng3 Nd3 53. Kc3 Nf2 54. Bc2 Kc6 55. Ba4+ Kd6 56. Kd2 Bd1 57. Bxd1 Kc6 58. Ba4+ Kd6 59. Ke2 Nd3 60. Nxf5+ Kc7 61. Nxh6 Nxb2 62. Bc2 Nd3 63. Nf5 Nb4 64. h5 Nxc2 65. h6 1-0


[Site "https://www.chess.com"]

[Event "Titled Tuesday Blitz August 1 Early 2023"]
[White "Nagare Kaivalya Sandip"]
[Black "Movahed, Sina"]
[WhiteFideId "25957929"]
[BlackFideId "42520835"]
[WhiteElo "2693"]
[BlackElo "2944"]
[Result "0-1"]
[Round "4"]
[TimeControl "180+1"]
[Date "2023.08.01"]
[WhiteClock "0:00:00"]
[BlackClock "0:00:14"]
[Board "16"]

1. e4 c5 2. Nf3 d6 3. d4 cxd4 4. Nxd4 Nf6 5. Nc3 a6 6. Bg5 Nbd7 7. Bc4 e6 8. O-O h6 9. Be3 Ne5 10. Be2 Be7 11. f4 Nc6 12. Kh1 O-O 13. Qe1 Bd7 14. Rd1 Qc7 15. a4 Nxd4 16. Bxd4 Bc6 17. Bd3 e5 18. Be3 Rad8 19. a5 Qc8 20. f5 d5 21. exd5 Bxd5 22. Qg3 Kh8 23. Qxe5 Rfe8 24. Qg3 Qc6 25. Nxd5 Rxd5 26. Qf3 Rxa5 27. Qxc6 bxc6 28. Bb6 Ra2 29. Bd4 Nd5 30. Bc4 Ra5 31. Rfe1 Rd8 32. c3 Bf6 33. Bxf6 gxf6 34. Kg1 Rb8 35. Bxd5 cxd5 36. Rd2 Rab5 37. Red1 Rxb2 38. Rxb2 Rxb2 39. Rxd5 Ra2 40. c4 Kg7 41. Rd6 a5 42. Ra6 a4 43. c5 Rc2 44. c6 Rc4 45. c7 Rxc7 46. Rxa4 Rc5 47. g4 h5 48. h3 hxg4 49. hxg4 Kh6 50. Kg2 Kg5 51. Kf3 Rc3+ 52. Kf2 Rc2+ 53. Kf3 Rc3+ 54. Kf2 Kh4 55. Ra7 Kxg4 56. Rxf7 Kxf5 57. Ra7 Kg5 58. Ra4 f5 59. Kg2 Kf6 60. Ra5 Kg5 61. Ra4 Kf6 62. Ra5 Rc4 63. Kf3 Kg5 64. Rb5 Rc3+ 65. Kg2 Kg4 66. Rb8 Rc2+ 67. Kf1 f4 68. Rb3 Rd2 69. Kg1 Re2 70. Ra3 Re3 0-1


[Site "https://www.chess.com"]

[Event "Titled Tuesday Blitz August 1 Early 2023"]
[White "Baskakov, Egor"]
[Black "Agibileg, Uurtsaikh"]
[WhiteFideId "24197866"]
[BlackFideId "4901606"]
[WhiteElo "2917"]
[BlackElo "2680"]
[Result "1-0"]
[Round "4"]
[TimeControl "180+1"]
[Date "2023.08.01"]
[WhiteClock "0:01:05"]
[BlackClock "0:00:01"]
[Board "17"]

1. e4 c5 2. Nf3 e6 3. Be2 Nc6 4. c4 Nf6 5. Nc3 Be7 6. O-O O-O 7. d4 cxd4 8. Nxd4 Qc7 9. Be3 a6 10. Rc1 Ne5 11. f4 Ng6 12. e5 Ne8 13. c5 Bxc5 14. Ne4 Bxd4 15. Qxd4 Qb8 16. Qb6 f5 17. Nd6 Nxd6 18. exd6 e5 19. g3 Rf6 20. Rc7 exf4 21. gxf4 Ne7 22. Bc4+ Kf8 23. dxe7+ Kxe7 24. Bc5+ Kd8 25. Rc6+ Ke8 26. Rxf6 d6 27. Bxd6 Bd7 28. Rf8# 1-0


[Site "https://www.chess.com"]

[Event "Titled Tuesday Blitz August 1 Early 2023"]
[White "Popilski, Gil"]
[Black "Demidov, Mikhail"]
[WhiteFideId "2809060"]
[BlackFideId "4197143"]
[WhiteElo "2649"]
[BlackElo "2916"]
[Result "0-1"]
[Round "4"]
[TimeControl "180+1"]
[Date "2023.08.01"]
[WhiteClock "0:00:00"]
[BlackClock "0:00:35"]
[Board "18"]

1. e4 Nf6 2. Nc3 d5 3. exd5 Nxd5 4. Bc4 Nb6 5. Bb3 g6 6. a4 c6 7. Qf3 e6 8. h4 h6 9. Nge2 Bg7 10. d4 Nd5 11. Ne4 O-O 12. Qg3 Nd7 13. h5 f5 14. Bxh6 fxe4 15. Bxg7 Kxg7 16. Qxg6+ Kh8 17. Qh6+ Kg8 18. Qg6+ Kh8 19. Qh6+ Kg8 20. Qxe6+ Rf7 21. Nf4 Nf8 22. Qh6 Rh7 0-1


[Site "https://www.chess.com"]

[Event "Titled Tuesday Blitz August 1 Early 2023"]
[White "Bodnaruk, Anastasia"]
[Black "Aravindh, Chithambaram VR."]
[WhiteFideId "4181751"]
[BlackFideId "5072786"]
[WhiteElo "2610"]
[BlackElo "2913"]
[Result "0-1"]
[Round "4"]
[TimeControl "180+1"]
[Date "2023.08.01"]
[WhiteClock "0:00:01"]
[BlackClock "0:00:05"]
[Board "19"]

1. e4 e6 2. d4 d5 3. e5 c5 4. c3 Bd7 5. Nf3 Qb6 6. Be2 Bb5 7. O-O Bxe2 8. Qxe2 Nc6 9. dxc5 Bxc5 10. b4 Be7 11. Nbd2 Nh6 12. Nb3 Nf5 13. a4 O-O 14. a5 Qc7 15. b5 Nb8 16. Bb2 Nd7 17. Nbd4 Nh4 18. Nxh4 Bxh4 19. f4 Be7 20. Rac1 g6 21. c4 dxc4 22. Rxc4 Qxa5 23. Rfc1 Rfd8 24. Rc7 Qb6 25. Qc4 a6 26. Kh1 Bf8 27. bxa6 Qxb2 28. axb7 Nb6 29. Qf1 Qxd4 30. bxa8=Q Rxa8 31. Rb7 Nd5 32. g3 Ra2 33. Rb8 Qe4+ 34. Kg1 Ne3 35. Re1 Rg2+ 36. Qxg2 Qxg2# 0-1


[Site "https://www.chess.com"]

[Event "Titled Tuesday Blitz August 1 Early 2023"]
[White "Nguyen, Ngoc Truong Son"]
[Black "Demin, Vladimir"]
[WhiteFideId "12401110"]
[BlackFideId "4167457"]
[WhiteElo "2907"]
[BlackElo "2574"]
[Result "1-0"]
[Round "4"]
[TimeControl "180+1"]
[Date "2023.08.01"]
[WhiteClock "0:00:20"]
[BlackClock "0:00:05"]
[Board "20"]

1. d4 Nf6 2. c4 e6 3. Nc3 Bb4 4. Qc2 O-O 5. a3 Bxc3+ 6. Qxc3 d5 7. Nf3 dxc4 8. Qxc4 a6 9. Bg5 b5 10. Qc2 Bb7 11. e3 Nbd7 12. Bd3 h6 13. Bxf6 Nxf6 14. Ne5 Rc8 15. b4 Bd5 16. O-O Nd7 17. Nxd7 Qxd7 18. a4 c6 19. e4 Bc4 20. Bxc4 bxc4 21. Qxc4 Rb8 22. h3 Rfd8 23. Rfd1 Rb6 24. Rab1 Rdb8 25. Qc5 Qb7 26. d5 cxd5 27. exd5 Rxb4 28. Rxb4 Qxb4 29. Qxb4 Rxb4 30. d6 Rb8 31. Rc1 Kf8 32. a5 Ke8 33. Rc6 Ra8 34. f4 g6 35. Kf2 Kd7 36. Rb6 Ra7 37. Ke3 f6 38. g3 Ra8 39. Ke4 Ra7 40. g4 Ra8 41. g5 hxg5 42. fxg5 fxg5 43. Ke5 Ra7 44. Rb3 Ra8 45. Rb7+ Kc6 46. Rc7+ Kb5 47. d7 1-0


[Site "https://www.chess.com"]

[Event "Titled Tuesday Blitz August 1 Early 2023"]
[White "Kuznetsov, Mikhail"]
[Black "Harsh Suresh"]
[WhiteFideId "4117190"]
[BlackFideId "45018464"]
[WhiteElo "2468"]
[BlackElo "2891"]
[Result "0-1"]
[Round "4"]
[TimeControl "180+1"]
[Date "2023.08.01"]
[WhiteClock "0:00:00"]
[BlackClock "0:00:06"]
[Board "21"]

1. Nf3 d5 2. g3 g6 3. Bg2 Bg7 4. d4 Nf6 5. O-O O-O 6. c4 c6 7. cxd5 cxd5 8. Nc3 Nc6 9. Ne5 Be6 10. Nxc6 bxc6 11. Bf4 Qa5 12. Be5 Rfd8 13. Qd2 c5 14. dxc5 Qxc5 15. Bd4 Qa5 16. Rfd1 Rab8 17. b3 Rbc8 18. e3 Rc7 19. Be5 Rcc8 20. Bd4 a6 21. Rac1 Rc6 22. Nb1 Qxd2 23. Nxd2 Rdc8 24. Rxc6 Rxc6 25. Nf1 Rc2 26. Rd2 Rc1 27. f3 a5 28. Kf2 Nd7 29. Bxg7 Kxg7 30. Re2 Ra1 31. Rd2 Nc5 32. e4 dxe4 33. fxe4 Na6 34. Ne3 Nb4 35. Nd5 Rxa2 36. Rxa2 Nxa2 37. Ke3 Bxd5 38. exd5 Nc1 39. Kd4 Nxb3+ 40. Kc4 Nd2+ 41. Kb5 Kf6 42. Kxa5 Ke5 43. Kb5 Kd6 44. Kb4 Ke5 45. Kc3 Ne4+ 46. Kc4 f5 47. Kb5 Kxd5 48. Kb4 Kd4 49. Kb3 e5 50. Kc2 Ke3 51. Kd1 Kf2 52. Bh3 Ng5 0-1


[Site "https://www.chess.com"]

[Event "Titled Tuesday Blitz August 1 Early 2023"]
[White "Al Mukhaini, Shima"]
[Black "Khubukshanov, Erdem"]
[WhiteFideId "22005854"]
[BlackFideId "54114527"]
[WhiteElo "2420"]
[BlackElo "2867"]
[Result "0-1"]
[Round "4"]
[TimeControl "180+1"]
[Date "2023.08.01"]
[WhiteClock "0:00:00"]
[BlackClock "0:00:54"]
[Board "22"]

1. e4 c5 2. Nf3 Nc6 3. d4 cxd4 4. Nxd4 Qb6 5. Nb3 Nf6 6. Be3 Qb4+ 7. c3 Qxe4 8. N1d2 Qg6 9. Nf3 d5 10. Bd4 Ne4 11. g3 Bg4 12. Bg2 e5 13. Be3 Rd8 14. O-O Be7 15. h3 Be6 16. Nbd2 O-O 17. Nxe4 dxe4 18. Nd2 f5 19. Qe2 f4 20. Bxe4 Bf5 21. Bxf5 Rxf5 22. Ne4 fxe3 23. Qxe3 h6 24. Kg2 Rf7 25. Rad1 Qe6 26. b3 Bf8 27. Rxd8 Nxd8 28. Rd1 Nc6 29. Qd3 a5 30. Qe3 Rd7 31. Rxd7 Qxd7 32. Qb6 Qd5 33. f3 Qd7 34. Qe3 Nd8 35. h4 Ne6 36. Qb6 Qd5 37. c4 Qc6 38. Qxa5 Qa6 39. Qxe5 Qxa2+ 40. Kh3 Qa6 41. f4 Qc6 42. f5 Nc5 0-1


[Site "https://www.chess.com"]

[Event "Titled Tuesday Blitz August 1 Early 2023"]
[White "Xu, Xiangyu"]
[Black "Papp, Petra"]
[WhiteFideId "8608288"]
[BlackFideId "739049"]
[WhiteElo "3001"]
[BlackElo "2446"]
[Result "1/2-1/2"]
[Round "4"]
[TimeControl "180+1"]
[Date "2023.08.01"]
[WhiteClock "0:00:06"]
[BlackClock "0:00:05"]
[Board "23"]

1. d4 d5 2. c4 c6 3. cxd5 cxd5 4. Bf4 Nc6 5. e3 Nf6 6. Nc3 Bg4 7. Qb3 Na5 8. Bb5+ Bd7 9. Qc2 Rc8 10. Bd3 e6 11. Nf3 Be7 12. O-O O-O 13. Ne5 b5 14. a3 Nc4 15. Qe2 a6 16. Rfc1 Bc6 17. Nxc6 Rxc6 18. Nd1 Qd7 19. a4 Rfc8 20. axb5 axb5 21. b3 Na3 22. Qb2 b4 23. f3 Nh5 24. Be5 f6 25. Bg3 Nxg3 26. hxg3 Qc7 27. Rxc6 Qxc6 28. g4 g6 29. Qd2 Bd6 30. Ra2 Kg7 31. Kf2 Qc7 32. Ke2 Qb6 33. Ra1 Qc7 34. Ra2 Qb6 35. Nb2 Qc6 36. Na4 Qc7 37. Ra1 Qc6 38. Rh1 Kg8 39. e4 dxe4 40. Bxe4 Qb5+ 41. Kf2 Qg5 42. Qxg5 fxg5 43. Ke3 Rc7 44. Kd3 Kg7 45. Re1 Nb5 46. Re2 Kf6 47. Ra2 Nc3 48. Rc2 Nxa4 49. bxa4 Ra7 50. Bc6 Ra5 51. Bb5 Ra7 52. Rc6 Ke7 53. Kc4 Rc7 54. a5 Rxc6+ 55. Bxc6 Kd8 56. a6 Bb8 57. Kxb4 Kc7 58. Bb7 Ba7 59. Kc4 Kd6 60. Bc8 h5 61. gxh5 gxh5 62. Kd3 Kd5 63. Bb7+ Kd6 64. Ke4 h4 65. Ba8 Bb6 66. Kd3 Ba7 67. Be4 Bb6 68. Kc4 Ba7 69. Bc2 Bb6 70. Kd3 Ba7 71. Ke4 Bb6 72. Bb3 Ba7 73. Ba2 Bb6 74. Bb3 Ba7 75. Ba2 Bb6 76. Bb3 1/2-1/2


[Site "https://www.chess.com"]

[Event "Titled Tuesday Blitz August 1 Early 2023"]
[White "Koellner, Ruben Gideon"]
[Black "Hakobyan, Aram"]
[WhiteFideId "12993093"]
[BlackFideId "13306677"]
[WhiteElo "2696"]
[BlackElo "2945"]
[Result "1-0"]
[Round "4"]
[TimeControl "180+1"]
[Date "2023.08.01"]
[WhiteClock "0:00:09"]
[BlackClock "0:00:01"]
[Board "24"]

1. d4 g6 2. Nf3 Bg7 3. Nbd2 Nf6 4. e4 O-O 5. c3 d6 6. Bc4 e6 7. O-O b6 8. Re1 Bb7 9. Qe2 Nbd7 10. Bd3 Re8 11. e5 dxe5 12. dxe5 Ng4 13. Be4 Bxe4 14. Nxe4 Ndxe5 15. Nxe5 Nxe5 16. Bg5 Qd3 17. Rad1 Qxe2 18. Rxe2 f5 19. Nf6+ Bxf6 20. Bxf6 Nf7 21. Rd7 Rac8 22. f4 h6 23. h4 e5 24. fxe5 Re6 25. Red2 Kf8 26. R2d5 Ke8 27. Rxf7 Kxf7 28. Rd7+ Ke8 29. Rg7 g5 30. h5 f4 31. Rh7 c5 32. Rxh6 Rc7 33. Rh8+ Kd7 34. Rh7+ Kc6 35. Rxc7+ Kxc7 36. h6 Re8 37. h7 g4 38. h8=Q Rxh8 39. Bxh8 Kd7 40. Kf2 Ke6 41. Bg7 c4 42. Bf6 b5 43. a3 a5 44. Bg7 a4 45. Bh8 Kf5 46. g3 f3 47. Ke3 Ke6 48. Bg7 Kf5 49. Bf8 Kxe5 50. Bc5 Kf5 51. Bd6 Ke6 52. Bb8 Kf5 53. Bc7 Ke6 54. Bb6 Kf5 55. Kd2 Ke4 56. Bf2 Kf5 57. Ke3 Ke5 58. Bg1 Kf5 59. Kd4 Kf6 60. Ke4 Kg5 61. Ke5 Kg6 62. Kf4 Kf6 63. Kxg4 f2 64. Bxf2 Ke5 65. Bd4+ Ke4 66. Bc5 Kd3 67. Bb4 Kc2 68. Kf4 1-0


[Site "https://www.chess.com"]

[Event "Titled Tuesday Blitz August 1 Early 2023"]
[White "Khachiyan, Melikset"]
[Black "Galchenko, Matvey"]
[WhiteFideId "13300512"]
[BlackFideId "24175480"]
[WhiteElo "2700"]
[BlackElo "2894"]
[Result "1-0"]
[Round "4"]
[TimeControl "180+1"]
[Date "2023.08.01"]
[WhiteClock "0:00:46"]
[BlackClock "0:00:00"]
[Board "25"]

1. e4 e6 2. d4 d5 3. Nc3 Bb4 4. e5 Ne7 5. a3 Bxc3+ 6. bxc3 c5 7. Qg4 cxd4 8. Qxg7 Rg8 9. Qxh7 Qc7 10. Ne2 Nbc6 11. f4 Bd7 12. Qd3 dxc3 13. Rb1 d4 14. Nxd4 Nxd4 15. Qxd4 Nf5 16. Qf2 Qc6 17. Rg1 Qe4+ 18. Qe2 Qd4 19. Qf2 Qe4+ 20. Qe2 Bc6 21. Qxe4 Bxe4 22. Rb4 Bxc2 23. Rc4 Rd8 24. Be2 Nd4 25. Rxc3 Be4 26. g3 Nxe2 27. Kxe2 Bc6 28. Be3 a6 29. h4 Rg4 30. Kf2 f5 31. exf6 Kf7 32. Rgc1 Kxf6 33. Rxc6 bxc6 34. Rxc6 a5 35. Kf3 Rgg8 36. g4 Rd3 37. f5 Re8 38. Kf4 Rxa3 39. g5+ Kf7 40. Rc7+ Kg8 41. f6 e5+ 42. Kf5 Rxe3 43. f7+ Kf8 44. fxe8=Q+ Kxe8 45. g6 Rf3+ 46. Ke6 Kf8 47. h5 Rh3 48. Kf6 Rf3+ 49. Kg5 Kg8 50. h6 Rg3+ 51. Kf6 Rf3+ 52. Ke6 Rf8 53. h7+ Kh8 54. g7+ 1-0


[Site "https://www.chess.com"]

[Event "Titled Tuesday Blitz August 1 Early 2023"]
[White "Rendle, Thomas E"]
[Black "JeRoma71"]
[WhiteFideId "408760"]
[WhiteElo "2678"]
[BlackElo "2886"]
[Result "0-1"]
[Round "4"]
[TimeControl "180+1"]
[Date "2023.08.01"]
[WhiteClock "0:00:02"]
[BlackClock "0:00:09"]
[Board "26"]

1. d4 g6 2. e4 Bg7 3. Nc3 c6 4. Nf3 d5 5. h3 Nf6 6. Bd3 dxe4 7. Nxe4 Bf5 8. Nxf6+ Bxf6 9. Bxf5 Qa5+ 10. c3 Qxf5 11. Bh6 Nd7 12. Qb3 b6 13. O-O g5 14. Qa4 b5 15. Qa6 Qd5 16. Ne5 Rg8 17. Rfe1 Bxe5 18. dxe5 Qe6 19. Rad1 Rg6 20. Qb7 Rd8 21. Rd4 c5 22. Rd2 Qc6 23. Qxc6 Rxc6 24. Bxg5 Nf8 25. Rxd8+ Kxd8 26. Rd1+ Ke8 27. Rd5 Ne6 28. Be3 a6 29. f4 c4 30. f5 Nc7 31. Rd4 e6 32. f6 Rc5 33. Rd8+ Kxd8 34. Bxc5 Nd5 35. g3 a5 36. Kf2 b4 37. cxb4 axb4 38. Ke2 Kd7 39. h4 Kc6 40. Bd6 h5 41. Bf8 c3 42. bxc3 Nxc3+ 43. Kd3 Nxa2 44. Kc4 Nc3 45. Bxb4 Ne4 46. Be1 Nc5 47. Kd4 Nd7 48. Bb4 Nb6 49. g4 hxg4 50. h5 g3 51. Be1 g2 52. Bf2 Nd5 53. h6 Nf4 54. h7 Ng6 55. Ke4 Nh8 56. Kf3 Kd5 57. Kxg2 Kxe5 58. Bh4 Kf5 59. Kf3 Kg6 60. Kg4 Kxh7 61. Kh5 Ng6 62. Bg3 Nf8 63. Kg5 Nd7 64. Bd6 Nb6 65. Bc5 Nd5 66. Bd6 Nc3 67. Bb4 Ne4+ 68. Kf4 Nxf6 69. Ke5 Kg6 70. Bd2 Ng4+ 71. Kf4 f5 72. Bc3 e5+ 0-1


[Site "https://www.chess.com"]

[Event "Titled Tuesday Blitz August 1 Early 2023"]
[White "Zhigalko, Sergei"]
[Black "Lewicki, Miroslaw"]
[WhiteFideId "13502956"]
[BlackFideId "1113380"]
[WhiteElo "2880"]
[BlackElo "2654"]
[Result "1-0"]
[Round "4"]
[TimeControl "180+1"]
[Date "2023.08.01"]
[WhiteClock "0:00:19"]
[BlackClock "0:00:02"]
[Board "27"]

1. e4 c5 2. Nf3 d6 3. d4 cxd4 4. Qxd4 Bd7 5. Bc4 Nc6 6. Qd3 Nf6 7. Nc3 e6 8. Bf4 Qb6 9. O-O-O Na5 10. Bb3 Nxb3+ 11. axb3 e5 12. Bg5 Qxf2 13. Nxe5 Be6 14. Bxf6 Qc5 15. Nxf7 Bxf7 16. Bd4 Qc6 17. Rhf1 Be7 18. Bxg7 Rg8 19. Bf6 Bf8 20. e5 dxe5 21. Qd8+ Rxd8 22. Rxd8# 1-0


[Site "https://www.chess.com"]

[Event "Titled Tuesday Blitz August 1 Early 2023"]
[White "Kravtsiv, Martyn"]
[Black "Timerkhanov, Alexander"]
[WhiteFideId "14113147"]
[BlackFideId "24177938"]
[WhiteElo "2867"]
[BlackElo "2652"]
[Result "1-0"]
[Round "4"]
[TimeControl "180+1"]
[Date "2023.08.01"]
[WhiteClock "0:00:17"]
[BlackClock "0:00:01"]
[Board "28"]

1. e4 c5 2. Nf3 a6 3. g3 b5 4. Bg2 Bb7 5. O-O d6 6. Re1 e6 7. a4 Nf6 8. d3 Be7 9. e5 dxe5 10. Nxe5 Bxg2 11. Kxg2 Nbd7 12. Nxd7 Nxd7 13. Nc3 b4 14. Ne4 O-O 15. b3 Nf6 16. Bb2 Nxe4 17. Rxe4 Bf6 18. Bxf6 Qxf6 19. Rb1 Rfd8 20. Qe2 Rd5 21. Qe3 h5 22. Re1 Rad8 23. Rc4 Qf5 24. h3 a5 25. Rf4 Qg6 26. Qf3 R8d7 27. Ree4 Qg5 28. Qe3 Qg6 29. Re5 Qh6 30. h4 R7d6 31. Kh2 g6 32. Kg2 Qg7 33. Rfe4 Qf6 34. f3 Kg7 35. f4 Rd7 36. Kh2 Kh7 37. Kh3 Rd8 38. Kg2 R8d7 39. Rg5 Rxg5 40. hxg5 Qe7 41. Re5 Rc7 42. Qf3 Qd8 43. Kh3 Kg7 44. g4 hxg4+ 45. Kxg4 Qd4 46. Re2 Rc8 47. Qe3 Qd5 48. Qe5+ Qxe5 49. Rxe5 Kf8 50. Kf3 Ke7 51. Ke4 Kd6 52. d4 cxd4 53. Rxa5 Rxc2 54. Rb5 d3 55. Rxb4 d2 56. Rd4+ Kc5 57. b4+ Kc6 58. Ke3 Rb2 59. b5+ Kb6 60. Rxd2 Rb4 61. Rd4 Rb1 62. Rd7 Re1+ 63. Kf3 Rf1+ 64. Ke3 Re1+ 65. Kf3 Rf1+ 66. Kg3 Rg1+ 67. Kf2 Ra1 68. Rxf7 Rxa4 69. Rf6 Kxb5 70. Ke3 Kc5 71. Rxe6 Kd5 72. Rxg6 Ra3+ 73. Kf2 Ke4 74. Rf6 Rb3 75. g6 Rb8 76. Rf7 Rb6 77. f5 Ke5 78. g7 Rb2+ 79. Ke3 Rb3+ 80. Kf2 Rb2+ 81. Kf3 Rb3+ 82. Kg4 Rb1 83. Kg5 Rg1+ 84. Kh6 Rh1+ 85. Kg6 Rg1+ 86. Kh7 Rh1+ 87. Kg8 Rg1 88. Kf8 1-0


[Site "https://www.chess.com"]

[Event "Titled Tuesday Blitz August 1 Early 2023"]
[White "Hua, Lefong"]
[Black "Ter-Sahakyan, Samvel"]
[WhiteFideId "2602253"]
[BlackFideId "13302531"]
[WhiteElo "2650"]
[BlackElo "2846"]
[Result "0-1"]
[Round "4"]
[TimeControl "180+1"]
[Date "2023.08.01"]
[WhiteClock "0:00:00"]
[BlackClock "0:00:02"]
[Board "29"]

1. d4 Nf6 2. c4 e6 3. Nc3 Bb4 4. f3 c5 5. a3 Bxc3+ 6. bxc3 Nc6 7. e4 d6 8. Be3 O-O 9. Bd3 Qa5 10. Qd2 cxd4 11. cxd4 Qxd2+ 12. Kxd2 Na5 13. Rb1 b6 14. Ne2 Ba6 15. Rhc1 Rfc8 16. c5 Bxd3 17. Kxd3 bxc5 18. dxc5 d5 19. exd5 Nxd5 20. Nf4 Ne7 21. Ke2 e5 22. Nd3 f6 23. Rb5 Nac6 24. Nb4 Rab8 25. Nxc6 Nxc6 26. Rcb1 Rxb5 27. Rxb5 Rc7 28. Rb1 Kf7 29. Kd3 Ke6 30. Kc3 Rd7 31. Rb2 g5 32. g4 h6 33. h4 Rd1 34. hxg5 hxg5 35. Rb7 Rf1 36. Rc7 Ne7 37. Rxa7 Rxf3 38. Kd2 Nd5 39. Ra6+ Ke7 40. Ra7+ Ke8 41. Bg1 e4 42. c6 Rd3+ 43. Ke2 Rc3 44. Ra8+ Ke7 45. Ra7+ Ke6 46. Ra6 Ke5 47. Bh2+ Nf4+ 48. Kd2 Rc4 49. Bg1 Nd5 50. Ba7 Kd6 51. Bb8+ Ke7 52. Ke2 Rc3 53. Ra7+ Kd8 54. Bd6 Ke8 0-1


[Site "https://www.chess.com"]

[Event "Titled Tuesday Blitz August 1 Early 2023"]
[White "Wieczorek, Oskar"]
[Black "Pichot, Alan"]
[WhiteFideId "1133950"]
[BlackFideId "110973"]
[WhiteElo "2637"]
[BlackElo "2827"]
[Result "1-0"]
[Round "4"]
[TimeControl "180+1"]
[Date "2023.08.01"]
[WhiteClock "0:00:06"]
[BlackClock "0:00:42"]
[Board "30"]

1. e4 c5 2. Nf3 e6 3. g3 Nc6 4. Bg2 Nf6 5. Nc3 e5 6. O-O d6 7. d3 Be7 8. Nd2 O-O 9. Nc4 Rb8 10. a4 a6 11. Nd5 Nxd5 12. exd5 Nd4 13. c3 Nf5 14. a5 g6 15. f4 exf4 16. Bxf4 Ng7 17. Qd2 g5 18. Be3 f5 19. Rae1 Bd7 20. d4 cxd4 21. Bxd4 Rf7 22. Nb6 Bf6 23. c4 h6 24. b4 Be8 25. c5 Bb5 26. Rf2 Bxd4 27. Qxd4 Qf6 28. Qxf6 Rxf6 29. c6 Rf7 30. Rc1 Rc7 31. Rfc2 Kh7 32. Nd7 Rd8 33. Bf1 Ba4 34. Rc3 bxc6 35. dxc6 Ne6 36. Nb6 Bb5 37. Bxb5 axb5 38. Nd5 Rcc8 39. c7 Rf8 40. Nb6 Nd4 41. Kf2 1-0


[Site "https://www.chess.com"]

[Event "Titled Tuesday Blitz August 1 Early 2023"]
[White "Ozen, Bahadir"]
[Black "Belov, Alexei"]
[WhiteFideId "6337058"]
[BlackFideId "4128206"]
[WhiteElo "2816"]
[BlackElo "2621"]
[Result "1-0"]
[Round "4"]
[TimeControl "180+1"]
[Date "2023.08.01"]
[WhiteClock "0:00:20"]
[BlackClock "0:00:00"]
[Board "31"]

1. g3 d5 2. Nf3 e6 3. Bg2 Nf6 4. O-O Be7 5. b3 O-O 6. Bb2 c5 7. e3 Nc6 8. d4 b6 9. Nbd2 Bb7 10. c4 Rc8 11. Qe2 cxd4 12. Nxd4 Nxd4 13. Bxd4 Qc7 14. Rac1 Qb8 15. Bxf6 Bxf6 16. cxd5 exd5 17. Qd3 Rfd8 18. Nf3 Qd6 19. Nd4 Qa3 20. Qd2 a6 21. Bh3 Rc5 22. Rfd1 g6 23. Ne2 Bb2 24. Rb1 Bf6 25. Nd4 Bc8 26. Bg2 Bg4 27. Re1 Rdc8 28. h3 Bd7 29. Kh2 Kg7 30. Rf1 h5 31. h4 a5 32. Bf3 Qb4 33. Qxb4 axb4 34. Rfd1 Ra5 35. Rb2 Kg8 36. Kg2 Bf5 37. Nxf5 gxf5 38. Rbd2 Rcc5 39. Bxh5 Bc3 40. Re2 Kg7 41. Bf3 Kf6 42. Rd3 Ke5 43. h5 Rc6 44. Rc2 b5 45. Rxd5+ Ke6 46. Rxf5 1-0


[Site "https://www.chess.com"]

[Event "Titled Tuesday Blitz August 1 Early 2023"]
[White "Havlik, Jan"]
[Black "Aradhya, Garg"]
[WhiteFideId "319783"]
[BlackFideId "25006746"]
[WhiteElo "2615"]
[BlackElo "2759"]
[Result "1/2-1/2"]
[Round "4"]
[TimeControl "180+1"]
[Date "2023.08.01"]
[WhiteClock "0:01:35"]
[BlackClock "0:00:58"]
[Board "32"]

1. e4 e5 2. Bc4 Nf6 3. d4 exd4 4. Nf3 Nc6 5. O-O Nxe4 6. Re1 d5 7. Bxd5 Qxd5 8. Nc3 Qh5 9. Nxe4 Be6 10. Bg5 Bd6 11. Nxd6+ cxd6 12. Bf4 Qd5 13. c3 O-O 14. Nxd4 Nxd4 15. Qxd4 Qxd4 16. cxd4 Rfd8 17. b3 h6 18. Rac1 a5 19. f3 a4 20. Rc7 axb3 21. axb3 Bxb3 22. Rxb7 Be6 23. Rb6 d5 24. Kf2 Ra2+ 25. Re2 Ra4 26. Be5 Bf5 27. Reb2 f6 28. Rb8 Rxb8 29. Rxb8+ Kh7 30. Bd6 Rxd4 31. Rb7 Rd2+ 32. Kg3 Kg8 33. Rb8+ Kf7 34. Rb7+ Kg8 35. Rb8+ Kh7 36. Rb7 Re2 37. Bf8 Re8 38. Rxg7+ Kh8 39. Rf7 Kg8 40. Rxf6 Rxf8 41. Rd6 Kg7 42. Rxd5 Bg6 43. Rd6 Rf6 44. Rxf6 Kxf6 45. Kf4 Bd3 46. g4 Be2 47. h4 Kg6 48. Ke3 Bd1 49. Kf4 Ba4 50. Kg3 Bd1 51. f4 Be2 52. h5+ Kg7 53. g5 Bxh5 54. gxh6+ Kxh6 55. f5 Kg5 56. f6 Kxf6 1/2-1/2


[Site "https://www.chess.com"]